 Dungeon Crawl Stone Soup version 0.30.1-11-g7821555f0a (webtiles) character file.

Game seed: 16747923483273221935

19709 Okkudo the Severer (level 12, -17/106 HPs)
             Began as a Hill Orc Monk on Dec 1, 2023.
             Was a High Priest of Beogh.
             Demolished by a dire elephant (33 damage)
             ... on level 1 of the Lair of Beasts.
             The game lasted 00:51:50 (13485 turns).

Okkudo the Severer (Hill Orc Monk)                 Turns: 13485, Time: 00:51:51

Health: -17/106    AC: 13    Str: 25    XL:     12   Next: 71%
Magic:  19/19      EV: 10    Int: 10    God:    Beogh [*****.]
Gold:   811        SH: 17    Dex: 13    Spells: 11/11 levels left

rFire   + . .        C - +3 war axe (venom)
rCold   x . .        I - +1 tower shield
rNeg    . . .        F - +0 acid dragon scales
rPois   .            j - +0 helmet
rElec   .            S - +0 cloak
rCorr   +            G - +0 pair of gloves
SInv    .            p - +0 pair of boots
Will    .....        f - amulet of magic regeneration
Stlth   +            M - ring of fire
HPRegen 0.37/turn    w - +6 ring of strength
MPRegen 0.56/turn

%: no passive effects
@: no status effects
A: walk on water
a: Renounce Religion, Smiting, Recall Orcish Followers, Give Item to Named
Follower


You were on level 1 of the Lair of Beasts.
You worshipped Beogh.
Beogh was extremely pleased with you.
You visited 2 branches of the dungeon, and saw 14 of its levels.

You collected 811 gold pieces.

Inventory:

Hand Weapons
 C - a +3 war axe of venom (weapon)
 P - a +3 halberd
 X - the +8 trident of Wyrd {freeze, Fly rElec Str-3 Dex+4}
   (You found it on level 11 of the Dungeon)

   Str:       It affects your strength (-3).
   Dex:       It affects your dexterity (+4).
   rElec:     It insulates you from electricity.
   Fly:       It grants you flight.
Missiles
 k - 63 poisoned darts
Armour
 d - an orb of light
 j - a +0 helmet (worn)
 p - a +0 pair of boots (worn)
 F - +0 acid dragon scales (worn)
 G - a +0 pair of gloves (worn)
 I - a +1 tower shield (worn)
 J - a +0 tower shield
 S - a +0 cloak (worn)
 V - a +0 plate armour
Jewellery
 f - an amulet of magic regeneration (around neck)
 w - a +6 ring of strength (right hand)
 B - an amulet of reflection
 M - a ring of fire (left hand)
 Q - a ring of ice
Wands
 a - a wand of flame (9)
 s - a wand of roots (6)
 A - a wand of acid (7)
 E - a wand of polymorph (9)
 H - a wand of charming (24)
 N - a wand of mindburst (7)
 Z - a wand of digging (4)
Scrolls
 e - 4 scrolls of torment
 g - a scroll of fog
 i - a scroll of enchant weapon
 n - 5 scrolls of vulnerability
 q - a scroll of summoning
 u - 3 scrolls of fear
 x - 2 scrolls of teleportation
 y - 6 scrolls of magic mapping
 L - a scroll of identify
 R - 2 scrolls of blinking
 T - 2 scrolls of amnesia
 U - 2 scrolls of enchant armour
 W - a scroll of brand weapon {unknown}
Potions
 b - 2 potions of mutation {unknown}
 c - 3 potions of ambrosia
 h - 3 potions of cancellation
 l - 6 potions of degeneration
 m - 3 potions of might {unknown}
 o - 4 potions of curing
 r - 2 potions of haste {unknown}
 t - 2 potions of attraction {unknown}
 v - 3 potions of magic {unknown}
 z - 3 potions of lignification {unknown}
 D - 3 potions of flight {unknown}
 O - 4 potions of heal wounds
 Y - 2 potions of brilliance
Miscellaneous
 K - a lightning rod (4/4) (quivered)


   Skills:
 + Level 10.1 Fighting
 - Level 16.0 Axes
 + Level 8.5 Armour
 - Level 2.4 Dodging
 * Level 11.1 Shields
 + Level 10.2 Invocations


You had 11 spell levels left.
You didn't know any spells.
Your spell library contained the following spells:

 Spells                   Type           Power      Damage    Failure   Level
 Apportation              Tloc           0%         N/A       80%         1
 Necrotise                Necr           0%         1d4       80%         1
 Slow                     Hex            0%         N/A       80%         1
 Summon Small Mammal      Summ           0%         N/A       80%         1
 Sublimation of Blood     Necr           0%         N/A       91%         2
 Confusing Touch          Hex            0%         N/A       99%         3
 Gell's Gravitas          Tloc           0%         N/A       99%         3
 Teleport Other           Tloc           0%         N/A       99%         3
 Tukima's Dance           Hex            0%         N/A       99%         3
 Vampiric Draining        Necr           0%         2d6       99%         3
 Animate Armour           Summ/Erth      0%         N/A       100%        4
 Cause Fear               Hex            0%         N/A       100%        4
 Passage of Golubria      Tloc           0%         N/A       100%        4
 Petrify                  Tmut/Erth      0%         N/A       100%        4
 Alistair's Intoxication  Tmut/Pois      0%         N/A       100%        5
 Blade Hands              Tmut           0%         N/A       100%        5
 Irradiate                Conj/Tmut      0%         3d11      100%        5
 Yara's Violent Unravell  Hex/Tmut       0%         3d3       100%        5
 Dispersal                Tloc           0%         N/A       100%        6
 Iron Shot                Conj/Erth      0%         9d1       100%        6
 Dragon Form              Tmut           0%         N/A       100%        7
 Dragon's Call            Summ           0%         N/A       100%        9


Dungeon Overview and Level Annotations

Branches:
Dungeon (12/15)            Temple (0/1) D:4            Lair (2/5) D:10
 Spider (0/4) Lair:2          Orc (0/2) D:12
  Swamp: Lair:2-3    Shoals: Lair:2-3

Altars:
Cheibriados
Elyvilon
Nemelex Xobeh
Uskayaw
Zin

Shops:
D:6 :


Message History

You hit the dire elephant.
The dire elephant looks as sick as possible!
The dire elephant is moderately wounded.
You block the dire elephant's attack. x2
You slash the dire elephant!
The dire elephant looks as sick as possible!
The dire elephant is heavily wounded.
Ognian hits the dire elephant but does no damage.
The dire elephant tramples you!!
You hold your ground!
The dire elephant trunk-slaps you but does no damage.
You hit the dire elephant but do no damage.
The dire elephant is heavily wounded.
Ognian hits the dire elephant but does no damage.
The dire elephant closely misses you.
The dire elephant trunk-slaps you but does no damage.
You hit the dire elephant.
The dire elephant is heavily wounded.
Ognian splashes around in the water.
The dire elephant tramples you!
You hold your ground!
The dire elephant trunk-slaps you.
You hit the dire elephant but do no damage.
The dire elephant looks as sick as possible!
The dire elephant is heavily wounded.
Alork is no longer petrified.
Ognian hits the dire elephant but does no damage.
The dire elephant tramples you.
You hold your ground!
You block the dire elephant's attack.
Alork wields a +0 arbalest.
Alork shoots a bolt.
The bolt completely misses the dire elephant.
You hit the dire elephant but do no damage.
The dire elephant looks as sick as possible!
The dire elephant is heavily wounded.
Ognian hits the dire elephant but does no damage.
The dire elephant tramples you!!
* * * LOW HITPOINT WARNING * * *
You hold your ground!
The dire elephant barely misses you.
Alork casts a spell.
Ognian hits the dire elephant with a +0 hand axe!
The dire elephant tramples you!!
You die...

### ♣♣♣♣♣♣♣ #♣??♣##
♣♣.....♣♣♣♣ #.)}.#
♣♣.........♣ #~..≈
#........... #~~≈
♣.~~~...... #~~
♣♣~~~P~..... #~###
♣~~≈≈≈≈~.... #Yo~##
♣~≈≈≈≈≈≈P..~
#≈@†~##♣≈~≈≈≈≈≈~.~~
####o##♣~≈~♣♣≈≈≈~~~
##~~#.♣~o~♣♣o≈≈≈≈≈
##≈~≈##.♣≈oo♣oo≈≈≈≈
#≈~~###♣♣o≈o♣~o~o~≈
#~o♣# ♣~≈o♣♣~.~~~~
#o≈## #♣~o♣♣♣....~
#≈4≈## ♣≈≈~♣♣♣.....
##4≈≈# ♣≈≈~~♣♣♣....


You could see a dire elephant (extremely poisoned, ally target), the friendly
Ognian the orc knight and the friendly Alork the orc sorcerer (strong).

Vanquished Creatures
  Fannar (D:10)
  A boulder beetle (D:11)
  A centaur warrior (D:8)
  A two-headed ogre (D:10)
  A skyshark (Lair:1)
  An ugly thing (D:11)
  An elephant (Lair:1)
  A black mamba (Lair:1)
  2 gargoyles (D:12)
  A komodo dragon (Lair:1)
  An unseen horror (D:12)
  2 rime drakes
  2 kobold demonologists (D:10)
  4 trolls
  A polar bear (Lair:1)
  Prince Ribbit (D:8)
  3 blink frogs (Lair:1)
  Sigmund (D:2)
  A shadow (D:12)
  2 wyverns (Lair:1)
  3 wraiths (D:12)
  7 yaks
  A basilisk (Lair:2)
  A steam dragon (D:7)
  3 acid dragons
  5 water moccasins
  3 orc warriors
  3 ice beasts
  4 ogres
  6 centaurs
  2 lemures (D:8)
  6 wolves
  2 phantoms
  3 kobold brigands
  A gnoll sergeant (D:10)
  8 bullfrogs
  3 scorpions (D:5)
  3 wights (D:10)
  A howler monkey (D:11)
  A bullfrog zombie (D:4)
  A jelly (D:7)
  2 hounds (D:5)
  A gnoll bouda (D:5)
  An orc priest (D:5)
  6 orc wizards
  4 sleepcaps
  A scorpion zombie (D:4)
  A hound zombie (D:4)
  A hound skeleton (D:4)
  10 adders
  6 gnolls
  2 river rats (D:6)
  6 white imps
  An ufetubus (D:6)
  5 adder zombies (D:4)
  2 adder skeletons (D:4)
  3 worms
  2 dart slugs
  9 orcs
  11 ball pythons
  5 endoplasms
  7 giant cockroaches
  5 goblins
  5 hobgoblins
  19 kobolds
  3 quokkas
  2 bats
  3 frilled lizards
  15 rats
  A butterfly (D:4)
235 creatures vanquished.

Vanquished Creatures (collateral kills)
  The ghost of auo the Grappler, a journeyman OgTm of Gozag (D:8)
  Erolcha (D:12)
  A catoblepas (Lair:1)
  A two-headed ogre (D:11)
  A boulder beetle (D:12)
  Nergalle (D:12)
  Pikel (D:8)
  2 cyclopes
  A cane toad (Lair:1)
  3 trolls (D:12)
  A polar bear (D:10)
  A blink frog (Lair:1)
  A wraith (D:12)
  A shadow (D:10)
  An unseen horror simulacrum (D:8)
  A yak (Lair:1)
  A basilisk (Lair:1)
  A water moccasin (Lair:1)
  A black bear (D:7)
  3 ice beasts
  4 wolves (Lair:1)
  A centaur (D:9)
  4 kobold brigands
  2 bullfrogs
  A hornet simulacrum (D:8)
  2 howler monkeys
  An electric eel (D:10)
  A hound (D:6)
  An iguana (D:7)
  A sleepcap (D:6)
  An orc wizard (D:10)
  A gnoll (D:6)
  A shadow imp (D:6)
  A white imp (D:8)
  A worm (D:6)
  5 orcs
  4 kobolds
57 creatures vanquished.

Vanquished Creatures (others)
  An orc warrior (D:8)
  An orc knight (D:11)
  6 orc priests
  2 orc wizards
  15 orcs
  A ball python (D:4)
  A hobgoblin (D:4)
27 creatures vanquished.

Grand Total: 319 creatures vanquished

Notes
Turn   | Place    | Note
-------+----------+-------------------------------------------
     0 | D:1      | Okkudo the Hill Orc Monk began the quest for the Orb.
     0 | D:1      | Reached XP level 1. HP: 19/19 MP: 1/1
   285 | D:1      | Reached XP level 2. HP: 26/26 MP: 2/2
   411 | D:1      | Reached skill level 5 in Axes
  1288 | D:2      | Reached XP level 3. HP: 27/31 MP: 3/3
  1486 | D:2      | Reached skill level 6 in Axes
  1528 | D:2      | Found a snail-covered altar of Cheibriados.
  1753 | D:2      | Reached XP level 4. HP: 36/39 MP: 4/4
  1876 | D:2      | Noticed Sigmund
  1900 | D:2      | Killed Sigmund
  1901 | D:2      | Reached skill level 8 in Axes
  1901 | D:2      | Reached XP level 5. HP: 31/45 MP: 5/5
  1901 | D:2      | Reached XP level 6. HP: 35/51 MP: 6/6
  2217 | D:3      | Found a sparkling altar of Nemelex Xobeh.
  2491 | D:3      | Reached skill level 9 in Axes
  2921 | D:4      | Found a staircase to the Ecumenical Temple.
  2994 | D:4      | Became a worshipper of Beogh the Brigand
  2994 | D:4      | Reached * piety under Beogh
  2994 | D:4      | Reached ** piety under Beogh
  3301 | D:4      | Reached skill level 10 in Axes
  3301 | D:4      | Reached XP level 7. HP: 45/57 MP: 7/7
  3769 | D:4      | Reached *** piety under Beogh
  3770 | D:4      | Reached skill level 11 in Axes
  4178 | D:5      | Entered Level 5 of the Dungeon
  4227 | D:5      | You fall into a shaft and drop 1 floor!
  4251 | D:5      | Reached skill level 12 in Axes
  4251 | D:5      | Reached XP level 8. HP: 22/64 MP: 8/8
  4402 | D:5      | Found a glowing silver altar of Zin.
  4503 | D:5      | Reached skill level 13 in Axes
  4592 | D:5      | Found a white marble altar of Elyvilon.
  5056 | D:6      | Reached skill level 14 in Axes
  5072 | D:6      | Reached skill level 1 in Armour
  5072 | D:6      | Reached skill level 1 in Invocations
  5123 | D:6      | Reached XP level 9. HP: 21/71 MP: 10/10
  5502 | D:6      | Found Ududghag's Book Emporium.
  5534 | D:6      | Identified the +4 leather armour of the Salmon {Regen+
                  | Str+5 Dex+3}
  5635 | D:6      | Reached **** piety under Beogh
  6586 | D:7      | Reached skill level 5 in Fighting
  6951 | D:8      | Noticed Pikel
  6962 | D:8      | Killed Pikel
  6963 | D:8      | Reached skill level 15 in Axes
  7068 | D:8      | Noticed auo's ghost (journeyman OgTm)
  7072 | D:8      | Noticed Prince Ribbit
  7086 | D:8      | Killed Prince Ribbit
  7223 | D:8      | Found a runed translucent gate.
  7223 | D:8      | Found a runed translucent gate.
  7223 | D:8      | Found a runed translucent gate.
  7301 | D:8      | Reached XP level 10. HP: 83/83 MP: 13/13
  7403 | D:8      | Noticed a centaur warrior
  7411 | D:8      | Killed a centaur warrior
  7412 | D:8      | Reached skill level 5 in Invocations
  7973 | D:8      | Killed auo's ghost
  8495 | D:9      | Reached skill level 16 in Axes
  8500 | D:9      | Reached skill level 5 in Shields
  9131 | D:10     | Entered Level 10 of the Dungeon
  9141 | D:10     | Noticed Fannar
  9148 | D:10     | Killed Fannar
  9149 | D:10     | Reached skill level 5 in Armour
  9356 | D:10     | Noticed a two-headed ogre
  9365 | D:10     | Killed a two-headed ogre
  9366 | D:10     | Reached XP level 11. HP: 68/92 MP: 14/16
  9378 | D:10     | Found a staircase to the Lair.
  9603 | D:10     | Reached ***** piety under Beogh
  9806 | D:10     | Gained Orik as an ally
 10095 | D:11     | Noticed a cyclops
 10105 | D:11     | Killed a cyclops
 10219 | D:11     | Noticed a boulder beetle
 10228 | D:11     | Killed a boulder beetle
 10390 | D:11     | Noticed a two-headed ogre
 10390 | D:11     | Noticed a green ugly thing
 10400 | D:11     | Killed a two-headed ogre
 10402 | D:11     | Killed a green ugly thing
 10418 | D:11     | Your ally Orik died
 10478 | D:11     | Noticed a +0 dagger
 10478 | D:11     | Noticed a +0 hand axe
 10479 | D:11     | Found a hide-covered altar of Uskayaw.
 10517 | D:11     | Identified the +8 trident of Wyrd {freeze, Fly rElec Str-3
                  | Dex+4}
 10948 | D:12     | Noticed Erolcha
 10948 | D:12     | Noticed Nergalle
 10951 | D:12     | Killed Erolcha
 10959 | D:12     | Killed Nergalle
 11162 | D:12     | Noticed a boulder beetle
 11163 | D:12     | Noticed a cyclops
 11172 | D:12     | Killed a cyclops
 11175 | D:12     | Killed a boulder beetle
 11278 | D:12     | Gained Alork as an ally
 11381 | D:12     | Gained Garbold as an ally
 11382 | D:12     | Reached XP level 12. HP: 94/103 MP: 18/18
 12272 | D:12     | Found a staircase to the Orcish Mines.
 12448 | Lair:1   | Entered Level 1 of the Lair of Beasts
 12460 | Lair:1   | Reached skill level 10 in Shields
 12473 | Lair:1   | Gained Ognian as an ally
 12653 | Lair:1   | Noticed a skyshark
 12663 | Lair:1   | Killed a skyshark
 12790 | Lair:1   | You fall into a shaft and drop 1 floor!
 12790 | Lair:2   | Found a hole to the Spider Nest.
 13216 | Lair:1   | Reached skill level 10 in Invocations
 13392 | Lair:1   | Found a runed translucent door.
 13450 | Lair:1   | Reached skill level 10 in Fighting
 13469 | Lair:1   | Noticed a catoblepas
 13472 | Lair:1   | Noticed a dire elephant
 13476 | Lair:1   | Killed a catoblepas
 13485 | Lair:1   | Demolished by a dire elephant

Illustrated notes

Levels and vault maps discovered:
D:1:      kilobyte_arrival_exit_the_forest, layout_basic
D:2:      layout_basic, basic_altar, nicolae_half_adder, uniq_sigmund
D:3:      layout_loops_cross, general_overflow_altar, kennysheep_generic_room_3
D:4:      cheibrodos_helix_gallery, layout_loops_corners,
          minmay_temple_entry_butterflies, serial_undead, serial_undead_f,
          serial_undead_c, serial_undead_a, serial_undead_c, serial_undead_c,
          serial_undead_d, serial_undead_b, minmay_ruptured
D:5:      minmay_chambers_of_fours, layout_cave_pools, hangedman_feature_mirror
D:6:      layout_basic, serial_shops, shop, portal_sewer_entry_e
D:7:      layout_basic
D:8:      layout_loops_ring, gammafunk_ghost_icy, minmay_small_thing,
          uniq_prince_ribbit1, uniq_pikel
D:9:      layout_basic
D:10:     layout_roguey, hellmonk_lair_entry_icy, minmay_crystal_water,
          uniq_fannar
D:11:     layout_loops_cross, serial_bayou_pond_c, dancing_weapons_uskayaw
D:12:     layout_cave_pods, orc_0_dummy, grunt_ministairs_3, eino_tiny_chamber,
          uniq_erolcha, uniq_nergalle
Lair:1:   gammafunk_lair_enchanted_lake, layout_misc_corridors,
          grunt_megastairs_3, serial_bayou_shore_b, infiniplex_staircase_pool_2,
          lemuel_fruit_tree
Lair:2:   layout_loops_ring, elwin_shoals_entry_stream,
          spider_nest_entry_web_field, basic_altar

Skill      XL: |  1  2  3  4  5  6  7  8  9 10 11 12 |
---------------+-------------------------------------+-----
Axes           | 5 6 8 10 12 14 15 16 | 16.0
Armour         | 1 3 5 7 8 |  8.5
Invocations    | 2 4 6 8 10 | 10.2
Fighting       | 4 5 7 8 10 | 10.1
Shields        | 3 6 9 11 | 11.1
Dodging        | |  2.4

Action                     |  1- 3 |  4- 6 |  7- 9 | 10-12 || total
---------------------------+-------+-------+-------+-------++-------
  Melee: Hand axe          |    87 |   107 |       |       ||   194
         War axe           |       |    14 |   212 |   331 ||   557
  Throw: Dart              |       |     1 |     2 |     5 ||     8
 Invoke: Convert to Beogh  |       |     1 |       |       ||     1
         Recall Orcish Fol |       |       |     2 |     3 ||     5
  Evoke: Wand              |       |       |       |     1 ||     1
    Use: Scroll            |       |       |    15 |     5 ||    20
   Stab: Distracted        |       |       |     1 |     4 ||     5
         Confused          |       |       |       |     3 ||     3
         Paralysed         |       |       |       |     1 ||     1
 Armour: Robe              |    11 |       |       |       ||    11
         Scale mail        |    13 |    35 |    55 |       ||   103
         Chain mail        |       |       |    15 |       ||    15
         Acid dragon scale |       |       |    15 |   102 ||   117
  Dodge: Dodged            |    57 |    58 |   113 |   100 ||   328
  Block: Tower shield      |       |       |    43 |   277 ||   320
